Workbook

Sheet Presupuesto
A1: Presupuesto anual de mantenimiento del condominio
A2: Para aprobar en asamblea. Cambia las celdas grises; los totales y la variación salen solos.
A4: Condominio | B4: Residencial Los Fresnos
A5: Año que se presupuesta | B5: 2027
A6: Número de unidades | B6: 40
A7: Fondo de reserva (% sobre el gasto) | B7: 10
A9: Rubro | B9: Mensual presupuestado | C9: Anual presupuestado | D9: Ejercido año anterior | E9: Diferencia anual | F9: Variación | G9: Notas para la asamblea
A10: Vigilancia | B10: 18000 | C10: =IF(B10="","",B10*12) | D10: 206400 | E10: =IF(OR(C10="",D10=""),"",C10-D10) | F10: =IF(OR(C10="",N(D10)=0),"",C10/D10-1)
A11: Limpieza | B11: 9000 | C11: =IF(B11="","",B11*12) | D11: 103200 | E11: =IF(OR(C11="",D11=""),"",C11-D11) | F11: =IF(OR(C11="",N(D11)=0),"",C11/D11-1)
A12: Jardinería | B12: 3500 | C12: =IF(B12="","",B12*12) | D12: 42000 | E12: =IF(OR(C12="",D12=""),"",C12-D12) | F12: =IF(OR(C12="",N(D12)=0),"",C12/D12-1)
A13: Luz de áreas comunes | B13: 4400 | C13: =IF(B13="","",B13*12) | D13: 49200 | E13: =IF(OR(C13="",D13=""),"",C13-D13) | F13: =IF(OR(C13="",N(D13)=0),"",C13/D13-1)
A14: Agua de áreas comunes | B14: 1650 | C14: =IF(B14="","",B14*12) | D14: 18000 | E14: =IF(OR(C14="",D14=""),"",C14-D14) | F14: =IF(OR(C14="",N(D14)=0),"",C14/D14-1)
A15: Mantenimiento de elevador | B15: 3800 | C15: =IF(B15="","",B15*12) | D15: 43200 | E15: =IF(OR(C15="",D15=""),"",C15-D15) | F15: =IF(OR(C15="",N(D15)=0),"",C15/D15-1)
A16: Mantenimiento de bombas y cisterna | B16: 900 | C16: =IF(B16="","",B16*12) | D16: 10200 | E16: =IF(OR(C16="",D16=""),"",C16-D16) | F16: =IF(OR(C16="",N(D16)=0),"",C16/D16-1)
A17: Administración | B17: 6500 | C17: =IF(B17="","",B17*12) | D17: 72000 | E17: =IF(OR(C17="",D17=""),"",C17-D17) | F17: =IF(OR(C17="",N(D17)=0),"",C17/D17-1)
A18: Seguro del inmueble | B18: 1100 | C18: =IF(B18="","",B18*12) | D18: 12000 | E18: =IF(OR(C18="",D18=""),"",C18-D18) | F18: =IF(OR(C18="",N(D18)=0),"",C18/D18-1)
A19: Comisiones bancarias y sistema | B19: 450 | C19: =IF(B19="","",B19*12) | D19: 4800 | E19: =IF(OR(C19="",D19=""),"",C19-D19) | F19: =IF(OR(C19="",N(D19)=0),"",C19/D19-1)
A20: Imprevistos | B20: 1500 | C20: =IF(B20="","",B20*12) | D20: 18000 | E20: =IF(OR(C20="",D20=""),"",C20-D20) | F20: =IF(OR(C20="",N(D20)=0),"",C20/D20-1)
C21: =IF(B21="","",B21*12) | E21: =IF(OR(C21="",D21=""),"",C21-D21) | F21: =IF(OR(C21="",N(D21)=0),"",C21/D21-1)
C22: =IF(B22="","",B22*12) | E22: =IF(OR(C22="",D22=""),"",C22-D22) | F22: =IF(OR(C22="",N(D22)=0),"",C22/D22-1)
C23: =IF(B23="","",B23*12) | E23: =IF(OR(C23="",D23=""),"",C23-D23) | F23: =IF(OR(C23="",N(D23)=0),"",C23/D23-1)
C24: =IF(B24="","",B24*12) | E24: =IF(OR(C24="",D24=""),"",C24-D24) | F24: =IF(OR(C24="",N(D24)=0),"",C24/D24-1)
C25: =IF(B25="","",B25*12) | E25: =IF(OR(C25="",D25=""),"",C25-D25) | F25: =IF(OR(C25="",N(D25)=0),"",C25/D25-1)
C26: =IF(B26="","",B26*12) | E26: =IF(OR(C26="",D26=""),"",C26-D26) | F26: =IF(OR(C26="",N(D26)=0),"",C26/D26-1)
C27: =IF(B27="","",B27*12) | E27: =IF(OR(C27="",D27=""),"",C27-D27) | F27: =IF(OR(C27="",N(D27)=0),"",C27/D27-1)
C28: =IF(B28="","",B28*12) | E28: =IF(OR(C28="",D28=""),"",C28-D28) | F28: =IF(OR(C28="",N(D28)=0),"",C28/D28-1)
C29: =IF(B29="","",B29*12) | E29: =IF(OR(C29="",D29=""),"",C29-D29) | F29: =IF(OR(C29="",N(D29)=0),"",C29/D29-1)
A31: Gasto anual | C31: =SUM(C10:C29) | D31: =SUM(D10:D29)
A32: Fondo de reserva | C32: =ROUND(C31*$B$7/100,2)
A33: Total que se cubre con cuotas | C33: =C31+C32
A34: Cuota mensual promedio por unidad | C34: =IF(N($B$6)=0,"",ROUND(C33/12/$B$6,2))
A36: La cuota de cada unidad no es el promedio: se reparte por indiviso. Eso lo hace la hoja de cálculo de la cuota de mantenimiento.

Sheet Ejercido
A1: Lo ejercido mes por mes
A2: Anota lo que se pagó de verdad en cada rubro, con su factura. Se compara solo contra el presupuesto.
A3: Meses que ya corrieron | B3: 9
A4: Rubro | B4: ene | C4: feb | D4: mar | E4: abr | F4: may | G4: jun | H4: jul | I4: ago | J4: sep | K4: oct | L4: nov | M4: dic | N4: Ejercido en el año | O4: Presupuestado a la fecha | P4: Diferencia
A5: =IF(Presupuesto!A10="","",Presupuesto!A10) | B5: 18000 | C5: 17640 | D5: 18360 | E5: 18000 | F5: 18900 | G5: 18000 | H5: 17460 | I5: 18000 | J5: 18180 | N5: =IF(A5="","",SUM(B5:M5)) | O5: =IF(A5="","",N(Presupuesto!B10)*$B$3) | P5: =IF(A5="","",N(O5)-N(N5))
A6: =IF(Presupuesto!A11="","",Presupuesto!A11) | B6: 9000 | C6: 8820 | D6: 9180 | E6: 9000 | F6: 9450 | G6: 9000 | H6: 8730 | I6: 9000 | J6: 9090 | N6: =IF(A6="","",SUM(B6:M6)) | O6: =IF(A6="","",N(Presupuesto!B11)*$B$3) | P6: =IF(A6="","",N(O6)-N(N6))
A7: =IF(Presupuesto!A12="","",Presupuesto!A12) | B7: 3500 | C7: 3430 | D7: 3570 | E7: 3500 | F7: 3675 | G7: 3500 | H7: 3395 | I7: 3500 | J7: 3535 | N7: =IF(A7="","",SUM(B7:M7)) | O7: =IF(A7="","",N(Presupuesto!B12)*$B$3) | P7: =IF(A7="","",N(O7)-N(N7))
A8: =IF(Presupuesto!A13="","",Presupuesto!A13) | B8: 4380 | C8: 4210 | D8: 4500 | E8: 4620 | F8: 4950 | G8: 5100 | H8: 4700 | I8: 4400 | J8: 4380 | N8: =IF(A8="","",SUM(B8:M8)) | O8: =IF(A8="","",N(Presupuesto!B13)*$B$3) | P8: =IF(A8="","",N(O8)-N(N8))
A9: =IF(Presupuesto!A14="","",Presupuesto!A14) | B9: 1650 | C9: 1617 | D9: 1683 | E9: 1650 | F9: 1732 | G9: 1650 | H9: 1600 | I9: 1650 | J9: 1666 | N9: =IF(A9="","",SUM(B9:M9)) | O9: =IF(A9="","",N(Presupuesto!B14)*$B$3) | P9: =IF(A9="","",N(O9)-N(N9))
A10: =IF(Presupuesto!A15="","",Presupuesto!A15) | B10: 3800 | C10: 3724 | D10: 3876 | E10: 3800 | F10: 3990 | G10: 9800 | H10: 3686 | I10: 3800 | J10: 3838 | N10: =IF(A10="","",SUM(B10:M10)) | O10: =IF(A10="","",N(Presupuesto!B15)*$B$3) | P10: =IF(A10="","",N(O10)-N(N10))
A11: =IF(Presupuesto!A16="","",Presupuesto!A16) | B11: 900 | C11: 882 | D11: 918 | E11: 900 | F11: 945 | G11: 900 | H11: 873 | I11: 900 | J11: 909 | N11: =IF(A11="","",SUM(B11:M11)) | O11: =IF(A11="","",N(Presupuesto!B16)*$B$3) | P11: =IF(A11="","",N(O11)-N(N11))
A12: =IF(Presupuesto!A17="","",Presupuesto!A17) | B12: 6500 | C12: 6370 | D12: 6630 | E12: 6500 | F12: 6825 | G12: 6500 | H12: 6305 | I12: 6500 | J12: 6565 | N12: =IF(A12="","",SUM(B12:M12)) | O12: =IF(A12="","",N(Presupuesto!B17)*$B$3) | P12: =IF(A12="","",N(O12)-N(N12))
A13: =IF(Presupuesto!A18="","",Presupuesto!A18) | B13: 1100 | C13: 1078 | D13: 1122 | E13: 1100 | F13: 1155 | G13: 1100 | H13: 1067 | I13: 1100 | J13: 1111 | N13: =IF(A13="","",SUM(B13:M13)) | O13: =IF(A13="","",N(Presupuesto!B18)*$B$3) | P13: =IF(A13="","",N(O13)-N(N13))
A14: =IF(Presupuesto!A19="","",Presupuesto!A19) | B14: 450 | C14: 441 | D14: 459 | E14: 450 | F14: 472 | G14: 450 | H14: 436 | I14: 450 | J14: 454 | N14: =IF(A14="","",SUM(B14:M14)) | O14: =IF(A14="","",N(Presupuesto!B19)*$B$3) | P14: =IF(A14="","",N(O14)-N(N14))
A15: =IF(Presupuesto!A20="","",Presupuesto!A20) | B15: 1500 | C15: 1470 | D15: 1530 | E15: 1500 | F15: 1575 | G15: 1500 | H15: 1455 | I15: 1500 | J15: 1515 | N15: =IF(A15="","",SUM(B15:M15)) | O15: =IF(A15="","",N(Presupuesto!B20)*$B$3) | P15: =IF(A15="","",N(O15)-N(N15))
A16: =IF(Presupuesto!A21="","",Presupuesto!A21) | N16: =IF(A16="","",SUM(B16:M16)) | O16: =IF(A16="","",N(Presupuesto!B21)*$B$3) | P16: =IF(A16="","",N(O16)-N(N16))
A17: =IF(Presupuesto!A22="","",Presupuesto!A22) | N17: =IF(A17="","",SUM(B17:M17)) | O17: =IF(A17="","",N(Presupuesto!B22)*$B$3) | P17: =IF(A17="","",N(O17)-N(N17))
A18: =IF(Presupuesto!A23="","",Presupuesto!A23) | N18: =IF(A18="","",SUM(B18:M18)) | O18: =IF(A18="","",N(Presupuesto!B23)*$B$3) | P18: =IF(A18="","",N(O18)-N(N18))
A19: =IF(Presupuesto!A24="","",Presupuesto!A24) | N19: =IF(A19="","",SUM(B19:M19)) | O19: =IF(A19="","",N(Presupuesto!B24)*$B$3) | P19: =IF(A19="","",N(O19)-N(N19))
A20: =IF(Presupuesto!A25="","",Presupuesto!A25) | N20: =IF(A20="","",SUM(B20:M20)) | O20: =IF(A20="","",N(Presupuesto!B25)*$B$3) | P20: =IF(A20="","",N(O20)-N(N20))
A21: =IF(Presupuesto!A26="","",Presupuesto!A26) | N21: =IF(A21="","",SUM(B21:M21)) | O21: =IF(A21="","",N(Presupuesto!B26)*$B$3) | P21: =IF(A21="","",N(O21)-N(N21))
A22: =IF(Presupuesto!A27="","",Presupuesto!A27) | N22: =IF(A22="","",SUM(B22:M22)) | O22: =IF(A22="","",N(Presupuesto!B27)*$B$3) | P22: =IF(A22="","",N(O22)-N(N22))
A23: =IF(Presupuesto!A28="","",Presupuesto!A28) | N23: =IF(A23="","",SUM(B23:M23)) | O23: =IF(A23="","",N(Presupuesto!B28)*$B$3) | P23: =IF(A23="","",N(O23)-N(N23))
A24: =IF(Presupuesto!A29="","",Presupuesto!A29) | N24: =IF(A24="","",SUM(B24:M24)) | O24: =IF(A24="","",N(Presupuesto!B29)*$B$3) | P24: =IF(A24="","",N(O24)-N(N24))
A26: Total | N26: =SUM(N5:N24) | O26: =SUM(O5:O24) | P26: =SUM(P5:P24)
A27: Diferencia positiva: se ha gastado menos de lo presupuestado a la fecha. Negativa: más.

Sheet Cómo se usa
A1: Cómo se usa esta hoja
A3: El presupuesto anual es lo que cuesta operar el condominio un año, rubro por rubro. Lo prepara la
A4: administración y lo aprueba la asamblea. De ahí sale la cuota; sin presupuesto aprobado, la cuota
A5: no tiene de dónde agarrarse cuando alguien la discute.
A7: Presupuesto: un renglón por rubro con su gasto mensual. Al lado va lo ejercido el año anterior,
A8: que es la primera pregunta de la asamblea. La variación dice cuánto sube o baja cada rubro.
A9: Usa la columna de notas para explicar lo que cambia: un contrato nuevo, una póliza, una tarifa.
A11: El fondo de reserva es un porcentaje encima del gasto, para reparaciones mayores. El porcentaje
A12: lo fija el reglamento o la asamblea; la ley de condominios de cada estado puede pedir un mínimo.
A14: Ejercido: durante el año se anota cada mes lo que se pagó de verdad. La hoja compara contra lo
A15: presupuestado a la fecha y dice qué rubro va pasado. Es lo que el comité de vigilancia revisa.
A17: La cuota de cada unidad se reparte por indiviso en la hoja del cálculo de la cuota de
... A21: Makatea recuerda, registra y comunica. No mueve dinero.
